Map: Ruins of Seras

Players

Umbreon

  • Race: Terran Terran
  • League: Grandmaster

Chris (MCanning) - Winner!

  • Race: Protoss Protoss
  • League: Grandmaster

VOD

Have the link to the VOD?

Description

failed dt build

Time

  • Played on: Nov. 30, 2015, 1:18 a.m.
  • Length: 20:26
Show
View Real Time Build Order
Export as new Build Order

Umbreon Terran 

Build Orders: Liberator Opening, Reaper Expand, Bio Tank, MMM Bio 

Get SALT Encoding   

  12  0:01  SCV  
  13  0:13  SCV  
  14  0:18  Supply Depot  
  14  0:25  SCV  
  15  0:39  SCV  
  15  0:42  Barracks  
  16  0:46  Refinery  
  16  0:51  SCV  
  17  1:03  SCV  
  18  1:28  Orbital Command  
  18  1:30  Reaper  
  19  1:41  Command Center  
  19  1:51  Supply Depot  
  19  1:55  SCV  
  20  2:03  Barracks Reactor  
  20  2:05  Barracks  
  20  2:08  SCV  
  21  2:20  SCV  
  22  2:30  Factory  
  22  2:32  SCV  
  23  2:38  Refinery  
  23  2:42  Marine x2  
  25  2:44  SCV  
  26  2:53  Barracks Tech Lab  
  26  2:55  Orbital Command  
  26  2:56  SCV  
  27  3:02  Marine x2  
  29  3:08  SCV  
  29  3:09  Refinery  
  30  3:20  SCV, Starport  
  30  3:22  Factory Reactor  
  30  3:25  SCV  
  30  3:27  Marine  
  32  3:31  Marine  
  32  3:32  SCV  
  35  3:37  SCV  
  35  3:39  Marine  
  37  3:45  SCV, Supply Depot  
  38  3:49  SCV  
  38  3:53  Liberator x2  
  38  3:54  Marine x2  
  41  3:57  SCV  
  42  4:04  Marine  
  42  4:05  SCV  
  42  4:09  SCV  
  45  4:15  Stimpack  
  51  4:17  SCV  
  51  4:21  Engineering Bay  
  52  4:25  Marine  
  53  4:31  Marine  
  53  4:32  Factory Tech Lab  
  53  4:37  Supply Depot  
  54  4:45  Supply Depot  
  54  4:46  Missile Turret  
  54  4:59  SCV x2, Marine  
  57  5:01  Missile Turret  
  57  5:03  Cyclone  
  60  5:10  Medivac  
  60  5:11  SCV, Marine  
  60  5:13  SCV  
  65  5:17  Marauder  
  65  5:18  Marine  
  68  5:23  SCV  
  69  5:28  Marine  
  69  5:33  Supply Depot  
  69  5:34  SCV  
  69  5:35  Cyclone  
  74  5:41  Marine x2  
  74  5:42  Medivac  
  78  5:47  Supply Depot  
  78  5:55  SCV, Medivac  
  81  5:57  Supply Depot  
  81  5:59  Marauder  
  81  6:02  Marine  
  81  6:03  SCV  
  85  6:07  SCV  
  86  6:15  SCV  
  86  6:18  Siege Tank, Medivac  
  90  6:19  Marine  
  90  6:21  Marauder  
  95  6:34  Marine  
  95  6:36  SCV  
  95  6:39  Combat Shields  
  96  6:41  SCV  
  96  6:42  Supply Depot, Marauder  
  96  6:43  Barracks  
  96  6:44  Command Center  
  99  6:58  Medivac  
  99  7:00  Medivac  
  98  7:09  Marine x2  
  98  7:10  Marauder  
  98  7:11  Siege Tank  
  102  7:20  SCV  
  102  7:21  Refinery  
  103  7:23  SCV  
  103  7:24  Supply Depot  
  103  7:25  Supply Depot  
  103  7:27  Marine  
  103  7:29  Marine  
  106  7:31  Marauder  
  106  7:32  SCV  
  106  7:35  Terran Infantry Weapons Level 1, SCV  
  106  7:36  Liberator  
  110  7:39  Barracks Tech Lab  
  94  7:44  SCV  
  95  7:53  Marauder  
  101  7:58  SCV  
  101  8:05  Missile Turret  
  101  8:11  SCV  
  100  8:18  SCV  
  86  8:23  Marine  
  86  8:24  Marauder  
  86  8:26  Marauder, Marine  
  83  8:27  Siege Tank  
  73  8:34  Orbital Command  
  73  8:41  Medivac x2, Marine  
  73  8:45  Marauder, Marine  
  73  8:47  Barracks, Marine  
  73  8:48  SCV, Barracks  
  83  8:54  Missile Turret  
  83  8:55  SCV  
  84  8:57  Liberator  
  84  9:04  SCV  
  84  9:05  Orbital Command  
  84  9:11  Marine  
  84  9:12  Marine, Marauder  
  84  9:13  Marauder  
  91  9:17  SCV x2  
  91  9:22  Supply Depot  
  91  9:23  Supply Depot  
  93  9:29  Marine  
  93  9:31  SCV  
  95  9:32  SCV  
  95  9:33  Marauder  
  95  9:35  SCV  
  98  9:45  Marine  
  98  9:46  Barracks Tech Lab, Marauder  
  98  9:48  Barracks Tech Lab  
  98  9:50  SCV  
  102  9:53  Missile Turret  
  102  10:06  Marine x2  
  102  10:07  Marine, Marauder x2  
  106  10:08  Marauder  
  106  10:10  SCV x2  
  106  10:11  SCV  
  106  10:13  Terran Infantry Armor Level 1  
  114  10:23  Medivac x2  
  114  10:24  Marine x2  
  114  10:25  Marauder  
  122  10:35  Liberator, Marine x2  
  122  10:36  Marauder  
  122  10:41  Marine  
  127  10:43  SCV  
  127  10:45  Marine  
  127  10:46  Marauder  
  127  10:48  SCV  
  132  10:54  Marine, Marauder  
  132  10:57  Siege Tank, Marine  
  141  11:00  Marine  
  141  11:01  Medivac  
  141  11:03  Marine  
  146  11:05  Supply Depot  
  146  11:08  Marauder  
  148  11:13  Marauder  
  148  11:15  Marauder, Marine  
  148  11:18  Marine  
  153  11:20  Marine  
  152  11:29  Siege Tank, Marine  
  156  11:32  Marine  
  156  11:34  Marauder  
  156  11:36  Marine x2  
  156  11:38  Marine  
  142  11:47  Marauder  
  142  11:50  Marine  
  142  11:54  Marine x2  
  146  11:55  Marine  
  146  11:58  Liberator x2  
  146  11:59  Marine  
  146  12:01  Siege Tank  
  128  12:08  Marauder  
  128  12:09  Marauder  
  128  12:11  Marine  
  128  12:12  Marauder  
  128  12:13  Marine  
  136  12:16  Marine  
  136  12:19  Command Center  
  136  12:21  Refinery  
  136  12:22  Refinery  
  137  12:29  Marine x2  
  139  12:30  Marauder  
  139  12:31  Marauder  
  139  12:33  Siege Tank, Marine  
  139  12:34  Marine  
  136  12:41  Liberator  
  127  12:47  Marine  
  127  12:48  Marauder  
  127  12:51  Marauder, Marine  
  122  12:52  Marine x2  
  116  13:01  Barracks  
  116  13:02  Barracks  
  116  13:05  Siege Tank, Marine  
  120  13:09  Marauder x2  
  120  13:10  Marauder, Marine  
  120  13:12  Marine  
  124  13:23  Marine  
  125  13:28  Liberator, Marine  
  125  13:30  Marauder, Marine x2  
  125  13:31  Armory, Engineering Bay, Medivac  
  125  13:32  Marauder  
  134  13:37  Siege Tank  
  134  13:40  Marine  
  138  13:45  Marine  
  138  13:48  Marauder, Marine  
  145  13:51  Marine  
  145  13:53  Marauder  
  145  13:54  Starport  
  148  13:58  Marine  
  149  14:03  Marine x3  
  149  14:06  Marauder  
  149  14:09  Missile Turret  
  158  14:10  Marauder x2  
  158  14:11  Planetary Fortress  
  158  14:21  Terran Infantry Weapons Level 2  
  158  14:25  Marine  
  158  14:26  Marauder  
  161  14:31  Liberator  
  161  14:38  Barracks Tech Lab  
  161  14:40  Refinery  
  161  14:41  Refinery  
  161  14:46  Marine x2  
  161  14:47  Marauder x2  
  170  15:04  Command Center  
  170  15:05  Terran Infantry Armor Level 2  
  170  15:07  Marauder, Marine  
  170  15:10  Marine x2  
  170  15:11  Marauder x2  
  168  15:38  SCV  
  167  16:10  Marine x4  
  139  16:11  Marauder  
  139  16:12  Marine x2  
  139  16:13  Marauder  
  143  16:28  Marine  
  143  16:29  Marauder  
  133  16:40  Liberator x2  
  133  16:53  Liberator  
  119  16:59  SCV  
  112  17:06  Marine  
  112  17:07  Marauder x2, Siege Tank, Marine x3  
  126  17:20  Marine x2  
  127  17:25  Marauder  
  127  17:29  Marine x2, Marauder x2  
  109  17:32  Liberator x2  
  109  17:34  Marine  
  109  17:35  Command Center  
  109  17:36  Liberator  
  110  17:38  Marauder, Marine  
  110  17:40  Siege Tank  
  116  17:48  Marauder, Marine x2  
  116  17:50  Marauder  
  128  18:12  Siege Tank  
  127  18:15  SCV  
  127  18:17  Marine x2  
  127  18:18  Marauder x2  
  83  18:43  Marine  
  83  18:44  Siege Tank, Marine x6  
  83  18:46  SCV  
  86  19:01  Marine  
  86  19:02  Marauder x2, Marine x2  
  93  19:03  Orbital Command  
  93  19:05  Marine  
  94  19:14  Marine  
  94  19:15  Marine  
  96  19:27  Marine  
  96  19:28  Marauder  
  96  19:35  Medivac  
  97  19:40  Medivac  
  99  19:49  Missile Turret  
  96  20:05  Marine  
Show
View Real Time Build Order
Export as new Build Order

Chris Protoss - Winner!

Build Orders: 1 Gate Expand, Dark Templar Rush 

Get SALT Encoding   

  12  0:01  Probe (Chrono Boost)  
  13  0:11  Probe (Chrono Boost)  
  14  0:19  Pylon  
  14  0:22  Probe (Chrono Boost)  
  15  0:37  Probe (Chrono Boost)  
  15  0:38  Gateway  
  16  0:48  Probe (Chrono Boost)  
  16  0:49  Assimilator  
  17  0:58  Probe (Chrono Boost)  
  18  1:09  Probe (Chrono Boost)  
  19  1:24  Nexus  
  19  1:31  Probe (Chrono Boost)  
  20  1:37  Cybernetics Core  
  20  1:42  Assimilator  
  20  1:45  Probe (Chrono Boost)  
  21  1:56  Probe (Chrono Boost)  
  21  2:00  Pylon  
  22  2:06  Probe (Chrono Boost)  
  22  2:08  Pylon  
  23  2:18  Mothership Core (Chrono Boost)  
  25  2:24  Adept  
  25  2:28  Warp Gate  
  27  2:42  Probe (Chrono Boost)  
  27  2:48  Twilight Council  
  27  2:49  Probe (Chrono Boost)  
  28  2:52  Probe (Chrono Boost)  
  29  3:00  Probe (Chrono Boost)  
  29  3:03  Probe (Chrono Boost)  
  31  3:07  Pylon  
  31  3:19  Probe (Chrono Boost)  
  32  3:20  Probe (Chrono Boost)  
  32  3:25  Dark Shrine  
  32  3:29  Probe (Chrono Boost)  
  32  3:30  Probe (Chrono Boost)  
  34  3:40  Probe (Chrono Boost), Robotics Facility  
  35  3:43  Probe (Chrono Boost)  
  36  3:55  Gateway  
  36  3:56  Probe (Chrono Boost)  
  36  3:59  Probe (Chrono Boost)  
  38  4:05  Pylon  
  38  4:06  Probe (Chrono Boost)  
  38  4:09  Probe (Chrono Boost)  
  41  4:17  Probe (Chrono Boost)  
  41  4:18  Gateway  
  41  4:22  Probe (Chrono Boost)  
  42  4:27  Probe (Chrono Boost)  
  42  4:30  Warp Prism (Chrono Boost)  
  45  4:34  Assimilator  
  45  4:38  Assimilator  
  45  4:40  Robotics Bay  
  45  4:42  Dark Templar  
  47  4:46  Probe  
  48  4:53  Adept  
  48  4:56  Probe  
  51  5:08  Immortal (Chrono Boost)  
  55  5:17  Pylon  
  55  5:18  Dark Templar  
  57  5:28  Pylon  
  57  5:29  Gateway  
  57  5:30  Gateway  
  57  5:32  Gateway  
  54  5:35  Stalker  
  54  5:39  Stalker  
  58  5:43  Probe  
  59  5:54  Stalker  
  60  6:06  Stalker x2  
  64  6:16  Disruptor (Chrono Boost)  
  67  6:24  Probe  
  67  6:25  Probe  
  69  6:36  Probe  
  69  6:38  Probe  
  71  6:48  Probe, Disruptor (Chrono Boost)  
  75  7:05  Stalker x2, Probe  
  75  7:12  Probe  
  76  7:17  Pylon  
  76  7:21  Probe  
  77  7:23  Pylon  
  77  7:24  Pylon  
  77  7:27  Pylon  
  77  7:31  Twilight Council  
  77  7:35  Disruptor (Chrono Boost)  
  80  7:39  Probe  
  81  7:51  Probe  
  82  7:59  Adept x4  
  82  8:00  Adept  
  82  8:02  Pylon  
  88  8:15  Probe  
  82  8:23  Disruptor (Chrono Boost)  
  77  8:33  Adept x4  
  77  8:34  Adept, Blink (Chrono Boost)  
  84  8:35  Probe  
  84  8:40  Forge  
  85  8:44  Forge  
  85  8:52  Nexus  
  85  8:54  Probe  
  86  9:08  Probe  
  83  9:13  Probe, Protoss Ground Armor Level 1 (Chrono Boost)  
  83  9:15  Disruptor  
  84  9:17  Protoss Ground Weapons Level 1 (Chrono Boost)  
  84  9:20  Probe, Pylon  
  84  9:21  Stalker  
  84  9:22  Stalker  
  89  9:35  Assimilator  
  89  9:37  Probe, Assimilator  
  90  9:39  Probe  
  89  9:50  Probe  
  89  9:51  Probe  
  89  9:52  Disruptor (Chrono Boost)  
  91  9:59  Stalker x2  
  98  10:00  Stalker  
  98  10:02  Probe  
  98  10:04  Probe  
  98  10:06  Stalker  
  104  10:08  Probe  
  104  10:14  Probe  
  106  10:16  Probe  
  106  10:20  Probe  
  108  10:24  Warp Prism  
  108  10:26  Probe  
  112  10:28  Probe  
  112  10:32  Probe  
  112  10:33  Pylon  
  113  10:38  Probe  
  113  10:40  Stalker x2  
  118  10:46  Stalker  
  120  10:55  Protoss Ground Weapons Level 2 (Chrono Boost)  
  120  10:59  Probe  
  120  11:00  Pylon  
  121  11:04  Disruptor  
  121  11:05  Protoss Ground Armor Level 2 (Chrono Boost)  
  121  11:10  Stalker x3  
  119  11:26  Stalker  
  119  11:27  Stalker x2  
  125  11:33  Probe  
  119  11:40  Disruptor (Chrono Boost)  
  119  11:43  Adept  
  115  11:47  Stalker x2  
  119  11:59  Adept x3  
  111  12:12  Adept x3  
  111  12:13  Disruptor (Chrono Boost)  
  112  12:19  Probe  
  112  12:20  Gateway  
  112  12:22  Gateway  
  113  12:23  Stalker x3, Gateway  
  115  12:32  Adept x2  
  115  12:33  Adept  
  118  12:44  Disruptor (Chrono Boost)  
  118  12:46  Stalker x3  
  103  13:00  Probe  
  104  13:14  Stalker x6  
  104  13:16  Nexus  
  104  13:19  Pylon x2  
  112  13:25  Pylon  
  112  13:29  Protoss Ground Weapons Level 3 (Chrono Boost)  
  112  13:34  Protoss Ground Armor Level 3 (Chrono Boost)  
  112  13:36  Zealot  
  114  13:43  Dark Templar  
  114  13:44  Adept x2, Zealot  
  122  13:53  Assimilator  
  122  13:57  Adept  
  122  13:58  Assimilator  
  122  13:59  Adept  
  122  14:00  Disruptor  
  129  14:11  Probe  
  129  14:16  Adept x3  
  129  14:17  Adept  
  138  14:20  Adept  
  138  14:23  Adept  
  142  14:33  Templar Archives  
  142  14:40  Pylon  
  142  14:42  Stalker x3  
  148  14:46  Probe  
  148  14:47  Probe  
  150  14:57  Stalker x2  
  150  14:58  Stalker, Disruptor  
  157  15:09  Pylon  
  157  15:10  Pylon  
  157  15:12  Pylon  
  157  15:15  Stalker x4  
  157  15:17  Adept  
  165  15:22  Adept x2  
  165  15:25  Adept  
  171  15:41  Adept x3, Disruptor  
  171  15:42  Adept x2  
  182  15:50  Probe  
  182  15:54  Protoss Shields Level 1 (Chrono Boost)  
  181  15:58  Adept x3  
  187  16:07  Probe  
  187  16:08  Probe  
  182  16:18  Adept x2  
  186  16:19  Adept  
  186  16:20  Adept x3  
  186  16:23  Nexus  
  194  16:27  Disruptor  
  197  16:35  Probe  
  197  16:36  Stalker x2  
  184  16:50  Probe  
  184  16:51  Probe  
  178  16:58  Disruptor  
  178  17:03  Robotics Facility  
  178  17:06  Gateway  
  178  17:08  Adept x5  
  187  17:09  Gateway, Adept x2  
  187  17:11  Gateway  
  187  17:13  Probe  
  163  17:31  Disruptor  
  163  17:34  Probe, Pylon  
  167  17:37  Pylon  
  167  17:41  Pylon  
  167  17:53  Probe  
  167  17:55  Probe  
  169  18:02  Disruptor  
  169  18:04  Probe, Adept  
  169  18:05  Adept x6  
  182  18:09  Probe  
  188  18:17  Assimilator  
  188  18:19  Assimilator  
  188  18:25  Probe  
  179  18:36  Probe  
  179  18:38  Nexus  
  158  18:45  Probe  
  150  18:50  Stalker x5  
  150  18:51  Stalker x2  
  164  18:59  Pylon  
  164  19:09  Probe, Disruptor  
  165  19:11  Pylon  
  168  19:19  Adept  
  168  19:20  Adept x4  
  178  19:40  Stalker  
  178  19:41  Stalker x4  
  178  19:42  Disruptor  
  178  19:44  Probe  
  188  19:52  Probe  
  186  19:53  Probe  
  183  20:03  Probe  
Tags
 
Add a new tag
Caveats
  • Supply blocks, unpowered buildings, or Contaminate may cause inaccurate times.
  • Supply counts are checked every 10 seconds.